[Event "Cracovia Festival-A 2023"]
[Site "Krakow"]
[Date "2023.12.30"]
[Round "4.28"]
[White "Ongut, Tamas Gunes"]
[Black "Flak, Pawel"]
[Result "1-0"]
[ECO "B03"]
[WhiteElo "2313"]
[BlackElo "2145"]
[Annotator "ChessBase"]
[PlyCount "45"]
[EventDate "2023.12.24"]
[EventType "swiss"]
[EventCountry "POL"]
[SourceTitle "playchess.com"]
[Source "ChessBase"]
[SourceQuality "1"]
[TimeControl "40/5400+30:1800+30"]

1. e4 Nf6 2. e5 Nd5 3. d4 d6 4. c4 Nb6 5. f4 Bf5 6. Nc3 dxe5 7. fxe5 e6 8. Be3 Be7 9. Nf3 f6 10. Bd3 Nc6 11. Bxf5 exf5 12. Bf2 Qd7 13. O-O O-O-O 14. e6 Qxe6 15. d5 Qd7 16. dxc6 Qxc6 17. Qc2 Nxc4 18. Nd4 Qc5 19. Ne6 Ne3 20. Qe2 Qc4 21. Qxe3 Rd3 22. Qxa7 Bd6 23. Nc5 1-0

[Event "Cracovia Festival-A 2023"]
[Site "Krakow"]
[Date "2023.12.30"]
[Round "4.29"]
[White "Babiarz, Arkadiusz"]
[Black "Janzelj, Tim"]
[Result "0-1"]
[ECO "B22"]
[WhiteElo "2129"]
[BlackElo "2441"]
[Annotator "RC"]
[PlyCount "146"]
[EventDate "2023.12.24"]
[EventType "swiss"]
[EventCountry "POL"]
[SourceTitle "playchess.com"]
[Source "ChessBase"]
[SourceQuality "1"]
[TimeControl "40/5400+30:1800+30"]

1. e4 c5 2. c3 d5 3. exd5 Qxd5 4. Nf3 Nf6 5. d4 e6 6. Be3 cxd4 7. cxd4 Bb4+ 8. Nc3 Qa5 9. Bd2 O-O 10. a3 Bxc3 11. Bxc3 Qd5 12. Be2 b6 13. Nd2 Bb7 14. Bf3 Qd7 15. O-O Rd8 16. Nc4 Bxf3 17. Qxf3 Qd5 18. Qe2 Nc6 19. Rfd1 Rac8 20. Ne5 Ne4 21. Nxc6 Rxc6 22. Be1 Rdc8 23. f3 Nf6 24. Bc3 Qb3 25. d5 Nxd5 26. Bd4 f6 27. Qe4 Qc2 28. Qg4 h5 29. Qxh5 Qxg2+ 30. Kxg2 Nf4+ 31. Kf2 Rc2+ 32. Ke3 Nxh5 33. Rd2 Rxd2 34. Kxd2 Nf4 35. Be3 Nd5 36. Bf2 Rc4 37. Kd3 Rc6 38. Rg1 Nf4+ 39. Kd2 Rd6+ 40. Ke3 e5 41. Bg3 Rd3+ 42. Ke4 Rd4+ 43. Ke3 Rd3+ 44. Ke4 Rd4+ 45. Ke3 Nd5+ 46. Ke2 Rc4 47. Rd1 Rc2+ 48. Ke1 Ne3 49. Rd7 a5 50. Bf2 Nc4 51. b3 Nxa3 52. Bxb6 Rc3 53. Kf2 Rxb3 54. Bxa5 Nc4 55. Be1 Rb2+ 56. Kg3 Ne3 57. Kh3 Nf5 58. Bg3 Kh7 59. Ra7 Kg6 60. Ra4 Re2 61. Rg4+ Kh5 62. Ra4 g5 63. Ra6 Nd4 64. Rxf6 Nxf3 65. Bf2 Rxf2 66. Kg3 Nd2 67. Rxf2 Ne4+ 68. Kf3 Nxf2 69. Kxf2 Kg4 70. Ke3 Kh3 71. Ke4 g4 72. Kf5 e4 73. Kxe4 Kxh2 0-1

[Event "Cracovia Festival-A 2023"]
[Site "Krakow"]
[Date "2023.12.30"]
[Round "4.30"]
[White "Gorkiewicz, Mateusz"]
[Black "Baum, Jonasz"]
[Result "1-0"]
[ECO "B54"]
[WhiteElo "2147"]
[BlackElo "2421"]
[Annotator "RC"]
[PlyCount "121"]
[EventDate "2023.12.24"]
[EventType "swiss"]
[EventCountry "POL"]
[SourceTitle "playchess.com"]
[Source "ChessBase"]
[SourceQuality "1"]
[TimeControl "40/5400+30:1800+30"]

1. e4 c5 2. Nf3 d6 3. d4 cxd4 4. Nxd4 Nf6 5. f3 e5 6. Nb3 d5 7. Bg5 d4 8. c3 Nc6 9. Bb5 h6 10. Bh4 Qb6 11. Bxc6+ bxc6 12. cxd4 Ba6 13. Bg3 Bd6 14. Bf2 Qc7 15. Nc3 Rd8 16. Qc2 exd4 17. Bxd4 Bxh2 18. O-O-O Be5 19. Bxe5 Qxe5 20. Rxd8+ Kxd8 21. Qf2 Qc7 22. Nc5 Bc8 23. Rd1+ Ke7 24. e5 Ne8 25. Qh4+ Kf8 26. Qd8 g6 27. N3e4 Kg7 28. Qd4 Kh7 29. Rh1 Qe7 30. e6 f6 31. Ng5+ Kg7 32. Nf7 Rh7 33. Nd8 Qc7 34. Rd1 Kf8 35. Qe4 Qa5 36. Nb3 Qxa2 37. Qb4+ Kg8 38. e7 Bf5 39. Qc4+ Kh8 40. Nxc6 Qb1+ 41. Kd2 Qxb2+ 42. Ke1 g5 43. Rd2 Qa3 44. Kf2 Bg6 45. Nc5 Bf7 46. Qd4 Qc1 47. Rd1 Qc2+ 48. Rd2 Qg6 49. Nxa7 h5 50. Nb5 g4 51. Nd6 gxf3 52. Kxf3 h4 53. Qg4 Qh6 54. Nxf7+ Rxf7 55. Rd5 f5 56. Rxf5 Qc6+ 57. Ne4 Rxf5+ 58. Qxf5 Ng7 59. Qf6 Qd5 60. e8=Q+ Kh7 61. Qeg6+ 1-0

[Event "Cracovia Festival-A 2023"]
[Site "Krakow"]
[Date "2023.12.30"]
[Round "4.31"]
[White "Berin, Artem"]
[Black "Kazantzoglou, Stefanos"]
[Result "1-0"]
[ECO "D32"]
[WhiteElo "2321"]
[BlackElo "2152"]
[Annotator "RC"]
[PlyCount "103"]
[EventDate "2023.12.24"]
[EventType "swiss"]
[EventCountry "POL"]
[SourceTitle "playchess.com"]
[Source "ChessBase"]
[SourceQuality "1"]
[TimeControl "40/5400+30:1800+30"]

1. d4 d5 2. c4 e6 3. Nc3 c5 4. cxd5 cxd4 5. Qa4+ Bd7 6. Qxd4 exd5 7. Qxd5 Nf6 8. Qd1 Bc5 9. Nf3 O-O 10. e3 Qe7 11. Be2 Rd8 12. Bd2 Nc6 13. O-O Rac8 14. Qc2 Nb4 15. Qb1 Bg4 16. a3 Bxf3 17. Bxf3 Nd3 18. Qc2 Ne5 19. Be2 Qd6 20. Rad1 Nfg4 21. g3 Qh6 22. Bxg4 Nxg4 23. h4 Be7 24. Qe4 Qe6 25. Qxe6 fxe6 26. Ne2 Rc2 27. Nd4 Rxb2 28. Bc3 Ra2 29. Nxe6 Rxd1 30. Rxd1 Kf7 31. Ng5+ Bxg5 32. hxg5 Ke6 33. Rf1 g6 34. Bd4 b6 35. e4 Rxa3 36. f3 Rd3 37. Bh8 Rd8 38. Bg7 Ne3 39. Re1 Nc4 40. Rc1 b5 41. f4 a5 42. g4 Rd3 43. f5+ Kf7 44. Bf6 a4 45. e5 Rd5 46. e6+ Ke8 47. Kf2 Rd2+ 48. Kg3 gxf5 49. Rh1 f4+ 50. Kxf4 Nd6 51. Rxh7 Rf2+ 52. Ke3 1-0

[Event "Cracovia Festival-A 2023"]
[Site "Krakow"]
[Date "2023.12.30"]
[Round "4.32"]
[White "Pniaczek, Marek"]
[Black "Luczak, Filip"]
[Result "0-1"]
[ECO "B00"]
[WhiteElo "2135"]
[BlackElo "2319"]
[Annotator "RC"]
[PlyCount "80"]
[EventDate "2023.12.24"]
[EventType "swiss"]
[EventCountry "POL"]
[SourceTitle "playchess.com"]
[Source "ChessBase"]
[SourceQuality "1"]
[TimeControl "40/5400+30:1800+30"]

1. e4 d6 2. d4 Nd7 3. Nf3 g6 4. Bd3 Bg7 5. O-O e5 6. c3 Ngf6 7. Re1 O-O 8. h3 Re8 9. Nbd2 Nh5 10. Nf1 Nf4 11. Bc2 Qf6 12. N3h2 h5 13. Be3 Nf8 14. Qd2 g5 15. Ng3 N8g6 16. Bd1 Nh4 17. Nxh5 Qg6 18. Nxg7 Kxg7 19. Bxf4 exf4 20. f3 Rh8 21. e5 Nxg2 22. Bc2 Bf5 23. Bxf5 Qxf5 24. Qxg2 Rxh3 25. Nf1 Rah8 26. exd6 cxd6 27. Kf2 R8h4 28. Re2 g4 29. fxg4 Qg5 30. Re4 f3 31. Qg1 d5 32. Re5 Qf4 33. Ke1 Rxg4 34. Qf2 Rg2 35. Qe3 Re2+ 36. Qxe2 fxe2 37. Rxe2 Rh1 38. Rf2 Qe3+ 39. Re2 Rxf1+ 40. Kxf1 Qf3+ 0-1

[Event "Cracovia Festival-A 2023"]
[Site "Krakow"]
[Date "2023.12.30"]
[Round "4.33"]
[White "Jedraszek, Pawel"]
[Black "Kyc, Jerzy"]
[Result "1/2-1/2"]
[ECO "B90"]
[WhiteElo "2124"]
[BlackElo "2304"]
[Annotator "RC"]
[PlyCount "251"]
[EventDate "2023.12.24"]
[EventType "swiss"]
[EventCountry "POL"]
[SourceTitle "playchess.com"]
[Source "ChessBase"]
[SourceQuality "1"]
[TimeControl "40/5400+30:1800+30"]

1. e4 c5 2. Nf3 d6 3. d4 cxd4 4. Nxd4 Nf6 5. Nc3 a6 6. Be3 h5 7. h3 e6 8. a4 Be7 9. Be2 Qc7 10. O-O b6 11. f4 Bb7 12. Bf3 Nbd7 13. Qe1 Rc8 14. Rd1 Nc5 15. Bd2 h4 16. b4 Ncd7 17. b5 Nh5 18. Bxh5 Rxh5 19. Qe2 Qc4 20. Qxh5 Qxd4+ 21. Rf2 Rxc3 22. Bxc3 Qxc3 23. f5 exf5 24. Qh8+ Nf8 25. exf5 Qe5 26. Kf1 axb5 27. f6 gxf6 28. Qxh4 Be4 29. axb5 Qxb5+ 30. Kg1 f5 31. Qg3 Qc5 32. Kh1 Ng6 33. Rfd2 Kf8 34. Qf2 d5 35. Qxc5 bxc5 36. Rxd5 Bxd5 37. Rxd5 f4 38. Kg1 Kg7 39. Kf2 Kf6 40. Kf3 Ke6 41. Rd1 Kf5 42. Ra1 Nh4+ 43. Kf2 Bf6 44. Ra7 Bd4+ 45. Kf1 Ke6 46. Rc7 Be3 47. Rc8 Nf5 48. Ke2 Kd5 49. Rf8 Nd4+ 50. Kd1 Ke6 51. Re8+ Kf5 52. Re7 f6 53. Re8 Bg1 54. Kd2 f3 55. gxf3 Kf4 56. c3 Nxf3+ 57. Ke2 f5 58. Rg8 Be3 59. Re8 Ng1+ 60. Kd3 Bf2 61. Rh8 Ke5 62. h4 f4 63. h5 Kf6 64. Rf8+ Kg5 65. h6 Kxh6 66. Rxf4 Bg3 67. Rg4 Bf2 68. Rg2 c4+ 69. Kxc4 Be3 70. Kd5 Kh5 71. c4 Kh4 72. c5 Bxc5 73. Kxc5 Nf3 74. Kd5 Kh3 75. Rg8 Nh4 76. Ke4 Ng2 77. Rg5 Nh4 78. Ke3 Kh2 79. Ke2 Ng2 80. Kf3 Ne1+ 81. Kf2 Nd3+ 82. Kf1 Kh3 83. Ke2 Kh4 84. Rg7 Nf4+ 85. Kf3 Ne6 86. Rg6 Ng5+ 87. Kf4 Nh3+ 88. Kf5 Nf2 89. Rg1 Kh3 90. Kf4 Nd3+ 91. Ke3 Ne5 92. Ke4 Ng4 93. Kf5 Ne3+ 94. Kf4 Nd5+ 95. Ke4 Nf6+ 96. Kf3 Kh4 97. Kf4 Nd5+ 98. Kf3 Kh5 99. Ke4 Ne7 100. Rg7 Ng6 101. Kf5 Nh4+ 102. Kf6 Nf3 103. Rg8 Kh4 104. Kf5 Nd4+ 105. Ke5 Ne2 106. Rg2 Ng3 107. Kf4 Nh5+ 108. Ke3 Nf6 109. Rg6 Nh5 110. Kf3 Kh3 111. Rg1 Kh4 112. Ke3 Kh3 113. Rg6 Kh4 114. Rg8 Nf6 115. Rg2 Kh5 116. Kf4 Nd5+ 117. Ke5 Ne3 118. Rg1 Ng4+ 119. Kf4 Nh6 120. Rg3 Nf7 121. Rg4 Kh6 122. Kf5 Kh5 123. Rd4 Nh6+ 124. Kf4 Kg6 125. Rd6+ Kg7 126. Ke4 1/2-1/2

[Event "Cracovia Festival-A 2023"]
[Site "Krakow"]
[Date "2023.12.30"]
[Round "4.34"]
[White "Kowalczyk, Pawel"]
[Black "Manko, Mariia"]
[Result "1-0"]
[ECO "A04"]
[WhiteElo "2295"]
[BlackElo "2128"]
[Annotator "ChessBase"]
[PlyCount "87"]
[EventDate "2023.12.24"]
[EventType "swiss"]
[EventCountry "POL"]
[SourceTitle "playchess.com"]
[Source "ChessBase"]
[SourceQuality "1"]
[TimeControl "40/5400+30:1800+30"]

1. Nf3 c5 2. g3 Nc6 3. Bg2 g6 4. h4 Nf6 5. d3 d5 6. Bg5 Bg7 7. c3 h6 8. Bxf6 Bxf6 9. Nbd2 O-O 10. e4 d4 11. c4 Rb8 12. Qe2 Bg4 13. Bh3 Bxh3 14. Rxh3 b5 15. Kf1 Na5 16. Rc1 Qb6 17. b3 Nc6 18. cxb5 Qxb5 19. Nc4 a5 20. e5 Bh8 21. g4 a4 22. bxa4 Qxa4 23. Qd2 Kh7 24. h5 g5 25. Nxg5+ hxg5 26. Qxg5 e6 27. Rf3 Qa7 28. Re1 Qe7 29. Qf4 Nb4 30. g5 Nd5 31. Qe4+ Kg8 32. h6 Rfd8 33. Nd6 Rxd6 34. exd6 Qxd6 35. h7+ Kf8 36. Qg6 Nf4 37. Qg8+ Ke7 38. g6 fxg6 39. Rxf4 Qxf4 40. Qxe6+ Kd8 41. Qe7+ Kc8 42. Qxc5+ Qc7 43. Re8+ Kb7 44. Re7 1-0

[Event "Cracovia Festival-A 2023"]
[Site "Krakow"]
[Date "2023.12.30"]
[Round "4.35"]
[White "Marszalek, Maciej"]
[Black "Lehocz, Jozsef Jr."]
[Result "0-1"]
[ECO "A21"]
[WhiteElo "2269"]
[BlackElo "2116"]
[Annotator "RC"]
[PlyCount "120"]
[EventDate "2023.12.24"]
[EventType "swiss"]
[EventCountry "POL"]
[SourceTitle "playchess.com"]
[Source "ChessBase"]
[SourceQuality "1"]
[TimeControl "40/5400+30:1800+30"]

1. c4 e5 2. Nc3 Bb4 3. g3 Bxc3 4. dxc3 d6 5. Bg2 f5 6. e4 Nc6 7. Qc2 Nge7 8. Bg5 O-O 9. Ne2 h6 10. Be3 fxe4 11. O-O-O Be6 12. b3 a5 13. a4 Nf5 14. Qxe4 Nxe3 15. Qxe3 Qf6 16. Rhf1 Rae8 17. Kb2 Qf7 18. Qd2 Qh5 19. h4 Bg4 20. Rde1 Bf3 21. Bh3 Kh8 22. Ng1 Bg4 23. Bg2 Nd8 24. Be4 Bf5 25. Bf3 Bg4 26. Be4 Bd7 27. f3 Ne6 28. Bb1 Nc5 29. g4 Qxh4 30. Ne2 Qg5 31. f4 exf4 32. Nxf4 Kg8 33. Rxe8 Bxe8 34. Rf2 Bc6 35. Ng6 Qxd2+ 36. Rxd2 Re8 37. b4 axb4 38. cxb4 Nxa4+ 39. Kb3 Re3+ 40. Rd3 Rxd3+ 41. Bxd3 Nb6 42. c5 dxc5 43. bxc5 Nd7 44. Kb4 Kf7 45. Bf5 Kf6 46. Nf4 Ne5 47. Bc8 Bf3 48. Kc3 Nxg4 49. Ne6 Ne3 50. Kd4 Bg4 51. Nxc7 Bxc8 52. Kxe3 Ke5 53. Ne8 Bd7 54. Nxg7 Kd5 55. Nh5 Kxc5 56. Nf6 Be6 57. Ne4+ Kd5 58. Kf4 b5 59. Nc3+ Kc4 60. Nxb5 Kxb5 0-1

[Event "Cracovia Festival-A 2023"]
[Site "Krakow"]
[Date "2023.12.30"]
[Round "4.36"]
[White "Piekielny, Pawel"]
[Black "Zalega, Maciej"]
[Result "1-0"]
[ECO "A65"]
[WhiteElo "2250"]
[BlackElo "2113"]
[Annotator "RC"]
[PlyCount "87"]
[EventDate "2023.12.24"]
[EventType "swiss"]
[EventCountry "POL"]
[SourceTitle "playchess.com"]
[Source "ChessBase"]
[SourceQuality "1"]
[TimeControl "40/5400+30:1800+30"]

1. d4 Nf6 2. c4 c5 3. d5 e6 4. Nc3 exd5 5. cxd5 d6 6. e4 Be7 7. Bd3 O-O 8. Nf3 a6 9. a4 Bg4 10. h3 Bh5 11. Qb3 Bxf3 12. gxf3 Nbd7 13. f4 Qc7 14. Be3 Rfc8 15. Qd1 Rab8 16. b3 Bf8 17. O-O g6 18. a5 Bg7 19. Qc2 Re8 20. Ra4 Qd8 21. Be2 Kh8 22. Kh2 Rc8 23. Bf3 Ng8 24. Ne2 Nh6 25. Ng3 Rf8 26. f5 Re8 27. Qd2 Ng8 28. Be2 Rb8 29. Rc1 Ndf6 30. Bd3 Qd7 31. Rac4 h5 32. fxg6 fxg6 33. b4 Qf7 34. f4 h4 35. Ne2 Bh6 36. bxc5 dxc5 37. Bxc5 Rbd8 38. Bd4 Kh7 39. Rc7 Rd7 40. Rxd7 Qxd7 41. e5 Nxd5 42. Bxg6+ Kxg6 43. Qd3+ Kf7 44. Qh7+ 1-0

[Event "Cracovia Festival-A 2023"]
[Site "Krakow"]
[Date "2023.12.30"]
[Round "4.37"]
[White "Bilczewski, Kacper"]
[Black "Dziewonski, Dariusz"]
[Result "0-1"]
[ECO "B22"]
[WhiteElo "2125"]
[BlackElo "2224"]
[Annotator "ChessBase"]
[PlyCount "99"]
[EventDate "2023.12.24"]
[EventType "swiss"]
[EventCountry "POL"]
[SourceTitle "playchess.com"]
[Source "ChessBase"]
[SourceQuality "1"]
[TimeControl "40/5400+30:1800+30"]

1. e4 c5 2. c3 Nf6 3. e5 Nd5 4. d4 cxd4 5. cxd4 d6 6. Nf3 Nc6 7. Bc4 Nb6 8. Bb5 dxe5 9. Nxe5 Bd7 10. Nxd7 Qxd7 11. Nc3 e6 12. O-O a6 13. Bxc6 Qxc6 14. Qg4 Nd5 15. Nxd5 Qxd5 16. Be3 h5 17. Qg3 h4 18. Qe5 Rh5 19. Qxd5 Rxd5 20. Rac1 Kd7 21. Rc2 Rc8 22. Rxc8 Kxc8 23. Rc1+ Kd7 24. h3 Be7 25. Bf4 Bd6 26. Be3 Be7 27. Bf4 Bd8 28. Kf1 Bb6 29. Be3 Bxd4 30. Bxd4 Rxd4 31. Ke2 g5 32. Ke3 Rd5 33. Rc4 e5 34. Rg4 f6 35. Rc4 Rd1 36. Rb4 Kc6 37. Rc4+ Kd6 38. Rb4 b5 39. Rb3 Re1+ 40. Kf3 f5 41. g3 e4+ 42. Kg2 f4 43. gxh4 gxh4 44. Ra3 f3+ 45. Kh2 Rf1 46. Rxa6+ Kd5 47. Rh6 Rxf2+ 48. Kg1 Rg2+ 49. Kf1 e3 50. Rh5+ 0-1

[Event "Cracovia Festival-A 2023"]
[Site "Krakow"]
[Date "2023.12.30"]
[Round "4.38"]
[White "Gierulski, Kamil"]
[Black "Warchol, Kamil"]
[Result "1/2-1/2"]
[ECO "B51"]
[WhiteElo "2223"]
[BlackElo "2108"]
[Annotator "RC"]
[PlyCount "94"]
[EventDate "2023.12.24"]
[EventType "swiss"]
[EventCountry "POL"]
[SourceTitle "playchess.com"]
[Source "ChessBase"]
[SourceQuality "1"]
[TimeControl "40/5400+30:1800+30"]

1. e4 c5 2. Nf3 d6 3. Bb5+ Nd7 4. a4 Ngf6 5. Nc3 a6 6. Be2 g6 7. a5 Bg7 8. O-O O-O 9. d3 b5 10. axb6 Qxb6 11. Nd2 Ne5 12. h3 Qc7 13. f4 Nc6 14. Nf3 Rb8 15. f5 gxf5 16. Qe1 Nd4 17. Bd1 Kh8 18. Qh4 Nxf3+ 19. Bxf3 fxe4 20. dxe4 Be6 21. Be2 a5 22. Bg5 Rg8 23. Nd5 Nxd5 24. exd5 Bxd5 25. c4 Bd4+ 26. Kh2 Be5+ 27. Kg1 Bd4+ 28. Kh2 f6 29. Bd3 Be5+ 30. Kg1 Bd4+ 31. Kh2 Be5+ 32. Kg1 Bd4+ 33. Kh2 Rg7 34. cxd5 fxg5 35. Qh5 Bxb2 36. Rf7 Bxa1 37. Bxh7 Be5+ 38. Kg1 Rxf7 39. Bg6+ Kg8 40. Bxf7+ Kf8 41. Be6 Rb1+ 42. Kf2 Rb2+ 43. Kf3 g4+ 44. Kxg4 Rxg2+ 45. Kf3 Rg3+ 46. Kf2 Kg7 47. Qf7+ Kh6 1/2-1/2

[Event "Cracovia Festival-A 2023"]
[Site "Krakow"]
[Date "2023.12.30"]
[Round "4.39"]
[White "Wojdak, Jan"]
[Black "Biesiadecki, Adam"]
[Result "1/2-1/2"]
[ECO "C42"]
[WhiteElo "2219"]
[BlackElo "2102"]
[Annotator "RC"]
[PlyCount "91"]
[EventDate "2023.12.24"]
[EventType "swiss"]
[EventCountry "POL"]
[SourceTitle "playchess.com"]
[Source "ChessBase"]
[SourceQuality "1"]
[TimeControl "40/5400+30:1800+30"]

1. e4 e5 2. Nf3 Nf6 3. Nxe5 d6 4. Nd3 Nxe4 5. Nf4 d5 6. d4 c6 7. Bd3 Be7 8. Qf3 O-O 9. O-O Ng5 10. Qd1 Ne6 11. c3 Nxf4 12. Bxf4 Bd6 13. Qh5 g6 14. Qf3 Bxf4 15. Qxf4 Nd7 16. Re1 Re8 17. Nd2 Rxe1+ 18. Rxe1 Nf8 19. Nf3 Ne6 20. Qh6 Qf6 21. h4 Bd7 22. Ne5 Rd8 23. g3 Ng7 24. Nxd7 Rxd7 25. Re5 Re7 26. Qe3 Re6 27. f4 b6 28. b3 Rxe5 29. fxe5 Qe6 30. Qg5 Qd7 31. b4 Ne6 32. Qf6 Qd8 33. Qf3 c5 34. dxc5 bxc5 35. Qe3 d4 36. cxd4 cxd4 37. Qe4 Qc7 38. Qe1 Qc6 39. Kf2 Qd5 40. Qe2 Qh1 41. Be4 Qc1 42. Qc2 Qe3+ 43. Kg2 Qe1 44. a3 Qa1 45. Qb3 Qe1 46. Qd3 1/2-1/2

[Event "Cracovia Festival-A 2023"]
[Site "Krakow"]
[Date "2023.12.30"]
[Round "4.40"]
[White "Zarnowski, Krzysztof"]
[Black "Meers, Hubert"]
[Result "1/2-1/2"]
[ECO "A80"]
[WhiteElo "2114"]
[BlackElo "2218"]
[Annotator "RC"]
[PlyCount "89"]
[EventDate "2023.12.24"]
[EventType "swiss"]
[EventCountry "POL"]
[SourceTitle "playchess.com"]
[Source "ChessBase"]
[SourceQuality "1"]
[TimeControl "40/5400+30:1800+30"]

1. d4 f5 2. Nc3 Nf6 3. Bg5 d5 4. Bxf6 exf6 5. e3 Be6 6. Bd3 Bd6 7. Qf3 Qd7 8. h4 Nc6 9. a3 f4 10. Nge2 fxe3 11. Qxe3 O-O-O 12. O-O-O Rhe8 13. Qd2 a6 14. Bxh7 Na5 15. Ne4 Nc4 16. Nxd6+ Qxd6 17. Qd3 Bg4 18. Rhe1 Qb6 19. b3 Nxa3 20. f3 Bd7 21. Bg6 Re6 22. Nf4 Rxe1 23. Rxe1 Qd6 24. g3 Nb5 25. Re3 Kb8 26. Nh5 f5 27. Nf4 Qf6 28. Re5 c5 29. Rxd5 Nxd4 30. Qe3 Bc6 31. Rxd8+ Qxd8 32. Qe5+ Ka8 33. Qxg7 Qa5 34. Kb2 Bxf3 35. Nd3 Ne2 36. Qf8+ Ka7 37. Qxf5 Qc3+ 38. Kb1 c4 39. Qc5+ Kb8 40. Qf8+ Ka7 41. Qxf3 cxd3 42. Qe3+ Ka8 43. Bxd3 Qe1+ 44. Kb2 Qc3+ 45. Kb1 1/2-1/2

[Event "Cracovia Festival-A 2023"]
[Site "Krakow"]
[Date "2023.12.30"]
[Round "4.41"]
[White "van der Merwe, Alexander"]
[Black "Mirski, Stanislaw"]
[Result "1-0"]
[ECO "B41"]
[WhiteElo "2113"]
[BlackElo "2187"]
[Annotator "ChessBase"]
[PlyCount "69"]
[EventDate "2023.12.24"]
[EventType "swiss"]
[EventCountry "POL"]
[SourceTitle "playchess.com"]
[Source "ChessBase"]
[SourceQuality "1"]
[TimeControl "40/5400+30:1800+30"]

1. e4 c5 2. Nf3 e6 3. d4 cxd4 4. Nxd4 a6 5. c4 Qc7 6. a3 b6 7. Nc3 Bb7 8. Bd3 Nc6 9. Nxc6 dxc6 10. f4 Bc5 11. Qf3 Rd8 12. Bc2 e5 13. fxe5 Ne7 14. Ne2 Qxe5 15. Rb1 O-O 16. b4 Bd4 17. c5 b5 18. Bf4 Qf6 19. Bd6 Qxf3 20. gxf3 Bf6 21. h4 Rfe8 22. e5 Bxe5 23. Bxe5 Nd5 24. Bb2 Nf4 25. Rh2 Nd3+ 26. Bxd3 Rxd3 27. Rf2 Bc8 28. Rd1 Rb3 29. Rd2 Be6 30. Kf1 h6 31. Kg2 Bd5 32. Nd4 Rbe3 33. Kg3 g5 34. h5 R8e5 35. Nc2 1-0

[Event "Cracovia Festival-A 2023"]
[Site "Krakow"]
[Date "2023.12.30"]
[Round "4.42"]
[White "Krzyzanowski, Patryk"]
[Black "Selbes, Tamer Tarik"]
[Result "0-1"]
[ECO "D38"]
[WhiteElo "2102"]
[BlackElo "2185"]
[Annotator "ChessBase"]
[PlyCount "84"]
[EventDate "2023.12.24"]
[EventType "swiss"]
[EventCountry "POL"]
[SourceTitle "playchess.com"]
[Source "ChessBase"]
[SourceQuality "1"]
[TimeControl "40/5400+30:1800+30"]

1. d4 Nf6 2. c4 e6 3. Nf3 d5 4. Nc3 Bb4 5. Qa4+ Nc6 6. Ne5 Bd7 7. Nxc6 Bxc3+ 8. bxc3 Bxc6 9. Qa3 dxc4 10. f3 Qd6 11. Qa5 b6 12. Qa6 e5 13. Ba3 Qd5 14. Rb1 exd4 15. e4 dxe3 16. Rd1 Bb5 17. Rxd5 Bxa6 18. Re5+ Kd8 19. Re7 Rf8 20. Rxe3 Re8 21. Rxe8+ Kxe8 22. Kd2 Rd8+ 23. Kc2 Nd5 24. Bc1 b5 25. a3 Bc8 26. g4 f5 27. h3 f4 28. Be2 Kf7 29. Rd1 g5 30. Rd4 Bb7 31. Bd2 Re8 32. Kd1 c5 33. Re4 Ne3+ 34. Bxe3 Bxe4 35. Bxc5 Bd3 36. Bxd3 Rd8 37. Bd4 Rxd4 38. cxd4 cxd3 39. Kd2 Ke6 40. Kxd3 Kd5 41. Kc3 a5 42. Kd3 b4 0-1

[Event "Cracovia Festival-A 2023"]
[Site "Krakow"]
[Date "2023.12.30"]
[Round "4.43"]
[White "Grochol, Kamil"]
[Black "Szczurek, Krzysztof"]
[Result "1/2-1/2"]
[ECO "B90"]
[WhiteElo "2101"]
[BlackElo "2175"]
[Annotator "ChessBase"]
[PlyCount "59"]
[EventDate "2023.12.24"]
[EventType "swiss"]
[EventCountry "POL"]
[SourceTitle "playchess.com"]
[Source "ChessBase"]
[SourceQuality "1"]
[TimeControl "40/5400+30:1800+30"]

1. e4 c5 2. Nf3 d6 3. d4 cxd4 4. Nxd4 Nf6 5. Nc3 a6 6. f3 e5 7. Nb3 Be6 8. Be3 Be7 9. Qd2 O-O 10. O-O-O b5 11. g4 b4 12. Nd5 Bxd5 13. exd5 a5 14. Kb1 a4 15. Nc1 Qa5 16. h4 Na6 17. a3 Bd8 18. Bxa6 Qxa6 19. g5 Nh5 20. Qxb4 Ng3 21. Rh3 Nf5 22. Qe4 Nxe3 23. Qxe3 Bb6 24. Qe4 Rfc8 25. Nd3 Rc4 26. Qf5 Bd4 27. h5 Qc8 28. Qxc8+ Raxc8 29. Nb4 Be3 30. g6 1/2-1/2

[Event "Cracovia Festival-A 2023"]
[Site "Krakow"]
[Date "2023.12.30"]
[Round "4.44"]
[White "Kaliszuk, Kamil"]
[Black "Ramirez Garcia, Jorge Alberto"]
[Result "1/2-1/2"]
[ECO "C22"]
[WhiteElo "2107"]
[BlackElo "2249"]
[Annotator "RC"]
[PlyCount "121"]
[EventDate "2023.12.24"]
[EventType "swiss"]
[EventCountry "POL"]
[SourceTitle "playchess.com"]
[Source "ChessBase"]
[SourceQuality "1"]
[TimeControl "40/5400+30:1800+30"]

1. e4 e5 2. d4 exd4 3. Qxd4 Nc6 4. Qe3 g6 5. Nc3 Bg7 6. Bd2 Nge7 7. O-O-O O-O 8. Nge2 d5 9. exd5 Nxd5 10. Qc5 Nxc3 11. Bxc3 Qe7 12. Qxe7 Nxe7 13. Bxg7 Kxg7 14. Nc3 Bf5 15. Bd3 Rad8 16. Rhe1 Be6 17. Bc4 Rxd1+ 18. Kxd1 Bxc4 19. Rxe7 Rd8+ 20. Ke1 Rc8 21. Re5 b6 22. f4 Kf8 23. Nd5 Rd8 24. Nxc7 Bxa2 25. Nb5 a6 26. Nc3 Be6 27. g3 Ke7 28. Re3 Rd4 29. b3 h6 30. Na4 Rd6 31. c4 Rc6 32. Nc3 Kd6 33. Ne4+ Kc7 34. Kd2 b5 35. cxb5 axb5 36. Nc3 Kb6 37. Re5 Rc5 38. b4 Rc4 39. Rxb5+ Kc6 40. Rb8 Kc7 41. Rh8 Rxb4 42. Rxh6 Kd6 43. Rh8 Rb2+ 44. Ke3 Rb3 45. Kd4 Rb4+ 46. Ke3 Rb3 47. Kd2 Rb2+ 48. Ke1 Ke7 49. Ne4 Rb1+ 50. Kd2 Rb2+ 51. Kc3 Rb3+ 52. Kc2 Rb4 53. Nd2 Ra4 54. Rb8 Ra1 55. Rb1 Bf5+ 56. Kb2 Rxb1+ 57. Nxb1 Bxb1 58. Kxb1 Ke6 59. g4 Kd5 60. h4 Ke4 61. h5 1/2-1/2

[Event "Cracovia Festival-A 2023"]
[Site "Krakow"]
[Date "2023.12.30"]
[Round "4.45"]
[White "Loftgaard, Mikkel Vinh"]
[Black "Gbiorczyk, Mikolaj"]
[Result "1-0"]
[ECO "C00"]
[WhiteElo "2322"]
[BlackElo "2137"]
[Annotator "RC"]
[PlyCount "117"]
[EventDate "2023.12.24"]
[EventType "swiss"]
[EventCountry "POL"]
[SourceTitle "playchess.com"]
[Source "ChessBase"]
[SourceQuality "1"]
[TimeControl "40/5400+30:1800+30"]

1. e4 e6 2. d4 d5 3. Bd3 c5 4. exd5 exd5 5. Nf3 c4 6. Be2 Bd6 7. O-O Nf6 8. b3 cxb3 9. axb3 O-O 10. Bg5 Nbd7 11. c4 h6 12. Bh4 g5 13. Bg3 Bxg3 14. hxg3 Ne4 15. Bd3 Ndf6 16. Qc2 Bf5 17. Nc3 Nxc3 18. Bxf5 Nce4 19. Rfe1 Qc7 20. Ne5 Rfd8 21. Rad1 a5 22. Bxe4 Nxe4 23. Ng4 Ra6 24. Ne3 Nf6 25. Nf5 Ne4 26. Ne3 Nf6 27. Rc1 Qd7 28. Nf5 Ne4 29. g4 Re6 30. cxd5 Qxd5 31. f3 Nd6 32. Ne7+ Rxe7 33. Rxe7 Qxd4+ 34. Kh1 Qf6 35. Qe2 b5 36. Ra7 a4 37. bxa4 bxa4 38. Rxa4 Re8 39. Qd2 Re6 40. Ra8+ Kg7 41. Qb4 Qe7 42. Ra6 Ne8 43. Qxe7 Rxe7 44. Rcc6 Nc7 45. Ra7 Nd5 46. Rxe7 Nxe7 47. Rd6 Ng6 48. Kg1 Nf4 49. Kf2 Ng6 50. Ke3 Ne7 51. g3 Ng8 52. Ke4 Ne7 53. Rd7 Kf6 54. Rd6+ Kg7 55. f4 gxf4 56. gxf4 Ng8 57. Ke5 Ne7 58. f5 Ng8 59. f6+ 1-0

[Event "Cracovia Festival-A 2023"]
[Site "Krakow"]
[Date "2023.12.30"]
[Round "4.46"]
[White "Panek, Bartosz"]
[Black "Pacuszka, Tomasz"]
[Result "1/2-1/2"]
[ECO "B13"]
[WhiteElo "2232"]
[BlackElo "2124"]
[Annotator "ChessBase"]
[PlyCount "58"]
[EventDate "2023.12.24"]
[EventType "swiss"]
[EventCountry "POL"]
[SourceTitle "playchess.com"]
[Source "ChessBase"]
[SourceQuality "1"]
[TimeControl "40/5400+30:1800+30"]

1. e4 c6 2. d4 d5 3. exd5 cxd5 4. Nf3 Nc6 5. c3 Bg4 6. Qb3 Qd7 7. Ne5 Nxe5 8. dxe5 a6 9. Na3 e6 10. Nb5 Rc8 11. Na7 Ra8 12. Nb5 Rc8 13. Be3 f6 14. Nd6+ Bxd6 15. exd6 Rc6 16. c4 Qxd6 17. Qxb7 Ne7 18. cxd5 Nxd5 19. h3 Nxe3 20. Qa8+ Kf7 21. Qa7+ Rc7 22. Qxe3 Rd8 23. f3 Qb4+ 24. Kf2 Qxb2+ 25. Be2 Bf5 26. Rad1 Rxd1 27. Rxd1 Qxa2 28. g4 Bg6 29. Qb6 Qc2 1/2-1/2